 Dungeon Crawl Stone Soup version 0.29.0-4-gdea44cf6ec (webtiles) character file.

Game seed: 15298041166028993353

54 qw the Chopper (level 3, -3/21 HPs)
             Began as a Tengu Warper on Aug 28, 2022.
             Succumbed to Sigmund's poison
             ... on level 2 of the Dungeon.
             The game lasted 00:00:05 (1314 turns).

qw the Chopper (Tengu Warper)                       Turns: 1314, Time: 00:00:06

Health: -3/21      AC:  8    Str: 13    XL:     3   Next: 91%
Magic:  7/7        EV:  6    Int: 13    God:
Gold:   48         SH:  0    Dex: 13    Spells: 6/6 levels left

rFire   . . .      SeeInvis +   Y - +0 hand axe
rCold   . . .      Faith    .   (no shield)
rNeg    . . .      Spirit   .   h - +0 chain mail
rPois   .          Reflect  .   (helmet restricted)
rElec   .          Harm     .   j - scarf {repulsion}
rCorr   .          Rampage  .   (no gloves)
Will    .....                   (boots unavailable)
Stlth   ..........              (no amulet)
HPRegen 0.07/turn               g - ring of see invisible
MPRegen 0.10/turn               (no ring)

@: lethally poisoned (-3 -> -24), repel missiles
A: beak, talons 3
a: no special abilities


You were on level 2 of the Dungeon.
You visited 1 branch of the dungeon, and saw 2 of its levels.

You collected 48 gold pieces.


Innate Abilities, Weirdness & Mutations

You have a beak for a mouth.
You have claws for feet.


   Skills:
 - Level 2.0 Fighting
 + Level 4.5 Axes
 - Level 1.0 Throwing
 - Level 1.1 Armour
 - Level 2.1 Dodging
 - Level 2.0 Spellcasting
 - Level 2.4 Translocations


You had 6 spell levels left.
You didn't know any spells.
Your spell library contained the following spells:

 Spells                   Type           Power      Damage    Failure   Level
 Blink                    Tloc           14%        N/A       99%         2
 Gell's Gravitas          Tloc           7%         N/A       100%        3
 Lesser Beckoning         Tloc           7%         N/A       100%        3
 Teleport Other           Tloc           7%         N/A       100%        3
 Manifold Assault         Tloc           7%         N/A       100%        5

Inventory:

Hand Weapons
 f - a +0 mace
 Y - a +0 hand axe (weapon)
Armour
 d - a +1 cloak
 h - a +0 chain mail (worn)
 j - a scarf of repulsion (worn)
Jewellery
 g - a ring of see invisible (left hand)
Scrolls
 a - a scroll of amnesia {unknown}
 c - a scroll of teleportation {unknown}
 i - a scroll of identify {unknown}
Potions
 b - a potion of brilliance {unknown}
 e - a potion of resistance {unknown}
 k - a potion of attraction {unknown}
 l - a potion of lignification {unknown}

Dungeon Overview and Level Annotations

Branches:
Dungeon (2/15)

Altars:
Nemelex Xobeh

Annotations:
D:2 Sigmund


Message History

You start resting.
HP restored.
k - a fuming yellow potion
Found a sparkling altar of Nemelex Xobeh.
l - a fuming blue potion Sigmund the Dreaded comes into view.
He is wielding a +2 scythe of venom.
Found a stone staircase leading down.
Sigmund shouts!
Sigmund mumbles some strange words.
Sigmund flickers and vanishes for a moment.
Sigmund points at you and mumbles some strange words.
The magic dart hits you but does no damage.
Sigmund points at you and mumbles some strange words.
The magic dart hits you but does no damage.
Sigmund hits you but does no damage.
You are poisoned.
You feel very sick.
You hit Sigmund. You peck Sigmund. Your punch misses Sigmund.
Sigmund is lightly wounded.
You feel sick.
Sigmund hits you with a +2 scythe of venom.
You hit Sigmund.
Sigmund is moderately wounded.
You feel sick. Sigmund closely misses you.
You closely miss Sigmund.
Sigmund is moderately wounded.
You feel sick.
You hit Sigmund but do no damage. Your kick misses Sigmund.
Sigmund is moderately wounded.
You feel sick.
Sigmund hits you with a +2 scythe of venom.
You are lethally poisoned!
You barely miss Sigmund. Your kick misses Sigmund. Your peck misses Sigmund.
Sigmund is moderately wounded.
You feel very sick.
Sigmund hits you with a +2 scythe of venom.
You are more poisoned.
You barely miss Sigmund. Your kick misses Sigmund.
Sigmund is moderately wounded.
You die...

## ########## ...
#.........
..##.........
..........>
#@........
#.@.......
#.........
#.........
#.........
#.........
#..._.....
#......... ....
#.........
#.......###...#####


You could see Sigmund (invisible).

Vanquished Creatures
  Natasha (D:2)
  An adder (D:2)
  3 endoplasms
  A giant cockroach (D:1)
  5 hobgoblins
  3 kobolds (D:1)
  4 ball pythons (D:1)
  2 bats (D:1)
20 creatures vanquished.

Notes
Turn   | Place    | Note
-------+----------+-------------------------------------------
     0 | D:1      | qw the Tengu Warper began the quest for the Orb.
     0 | D:1      | Reached XP level 1. HP: 12/12 MP: 4/4
     0 | D:1      | 0 ||| qw: Version: 0.1-a-89-g26bdef1
     0 | D:1      | 0 ||| qw: Game counter: 271
     0 | D:1      | 0 ||| qw: Always use a shield: true
     0 | D:1      | 0 ||| qw: God list: Okawaru
     0 | D:1      | 0 ||| qw: Allow faded altars: false
     0 | D:1      | 0 ||| qw: Do Orc after D:15 true
     0 | D:1      | 0 ||| qw: Do second Lair branch before Depths: true
     0 | D:1      | 0 ||| qw: Lair rune preference: random
     0 | D:1      | 0 ||| qw: Plans: Normal
     0 | D:1      | 0 ||| PLANNING D:1-11
   151 | D:1      | Reached XP level 2. HP: 14/17 MP: 6/6
   245 | D:1      | Reached skill level 3 in Axes
   338 | D:1      | HP: 3/17 [ball python (2)]
   648 | D:1      | Found a faded altar of an unknown god.
   826 | D:1      | 826 ||| UPGRADING to +1 cloak.
   831 | D:1      | 831 ||| UPGRADING to +0 chain mail.
   841 | D:1      | 841 ||| DROPPING +0 leather armour.
   842 | D:1      | 842 ||| UPGRADING to scarf of repulsion.
   852 | D:1      | 852 ||| UPGRADING to ring of see invisible.
   853 | D:1      | 853 ||| READING scroll labelled DUENIV VAOHI.
   854 | D:1      | 854 ||| DROPPING scroll of blinking.
   944 | D:2      | Reached XP level 3. HP: 21/21 MP: 7/7
   991 | D:2      | Noticed Natasha
   992 | D:2      | 992 ||| Stepping ~*~*~tactically~*~*~ (hiding).
   994 | D:2      | 994 ||| Stepping ~*~*~tactically~*~*~ (hiding).
  1002 | D:2      | HP: 5/21 [Natasha (3)]
  1003 | D:2      | Killed Natasha
  1004 | D:2      | Reached skill level 4 in Axes
  1295 | D:2      | Found a sparkling altar of Nemelex Xobeh.
  1303 | D:2      | Noticed Sigmund
  1313 | D:2      | HP: 5/21 [poisoned by Sigmund]
  1313 | D:2      | HP: 2/21 [Sigmund/+2 scythe of venom (3)]
  1314 | D:2      | Succumbed to Sigmund's poison

Levels and vault maps discovered:
D:1:      minmay_arrival_four_houses, layout_basic,
          hellmonk_ecumenical_altar_run_dry
D:2:      layout_basic, basic_altar, uniq_sigmund, uniq_natasha

Skill      XL: |  1  2  3 |
---------------+----------+-----
Axes           | 3 4 |  4.5
Fighting       | |  2.0
Throwing       | |  1.0
Armour         | |  1.1
Dodging        | |  2.1
Spellcasting   | |  2.0
Translocations | |  2.4

Action                   || total
-------------------------++-------
Melee: Hand axe          ||    56
       Kick              ||     9
       Peck              ||     5
Throw: Boomerang         ||     7
  Use: Scroll            ||     1
Armor: Leather armour    ||     7
       Chain mail        ||     9
Dodge: Dodged            ||    22

Table legend:
 A = Non-vault XP
 B = Vault XP
 C = Vault XP percentage of total XP
 D = Non-vault monster count
 E = Vault monster count
 F = Vault count percentage of total count
                 A         B        C        D         E       F
            +---------+---------+-------+---------+---------+-------
      Total |      43 |      35 |  44.9 |      19 |       1 |   5.0
            +---------+---------+-------+---------+---------+-------
        D:1 |      24 |       0 |   0.0 |      15 |       0 |   0.0
        D:2 |      19 |      35 |  64.8 |       4 |       1 |  20.0
            +---------+---------+-------+---------+---------+-------
